AoeStats
← CrazyBen

Arena

506862388Analyzed
4v4 RM · 17d ago on Sep 15, 2026· 51m 9s· 8 players
Game mode
Random Map
Map size
Large (8 player)
Population
200
Speed
Normal
Resources
Standard
Victory
Conquest
Starting age
Dark Age
Ending age
Imperial Age
RankedLock teamsTeams togetherTeam positionsShared explorationLock speedFull tech treeHidden civsTurbo modeCheats
Victory
Defeat
1609
+12
1596
+12
1594
+12
1592
+13
🇨🇳 Portuguese · China
1583
-15
1512
-12
🇫🇷 Khmer · France
1509
-12
🇩🇪 Persians · Germany
1461
-10
CrazyBen
10:04 Feudal Age
12:47 Castle Age
11:51 Double-Bit Axe
12:08 Horse Collar
21:34 Bow Saw
24:05 Pikeman
26:07 Scale Mail Armor
26:30 Forging
29:33 Chain Mail Armor
29:54 Iron Casting
33:25 Loom
36:10 Imperial Age
36:13 Halberdier
37:55 Blast Furnace
37:24 Scale Barding Armor
38:07 Bloodlines
37:57 Husbandry
39:00 Stone Mining
39:01 Gold Mining
38:35 Light Cavalry
41:34 Elite Battle Elephant
42:11 Hussar
43:13 Chain Barding Armor
44:26 Plate Barding Armor
44:04 Heavy Plow
45:04 Conscription
47:16 Fletching
48:27 Coinage
48:48 Tusk Swords
Alexspiration
9:39 Feudal Age
14:25 Castle Age
13:11 Double-Bit Axe
13:07 Horse Collar
13:33 Gold Mining
21:52 Wheelbarrow
23:05 Scale Barding Armor
23:11 Forging
23:47 Bloodlines
27:41 Hand Cart
28:16 Loom
29:06 Town Watch
32:18 Imperial Age
30:33 Chain Barding Armor
30:18 Husbandry
31:19 Iron Casting
31:17 Bow Saw
31:08 Heavy Plow
31:01 Stone Mining
31:56 Cavalier
33:13 Plate Barding Armor
33:39 Blast Furnace
33:00 Conscription
33:48 Chemistry
34:32 Two-Man Saw
34:03 Crop Rotation
33:25 Savar
35:24 Fletching
37:13 Citadels
37:34 Ballistics
37:21 Bodkin Arrow
37:26 Padded Archer Armor
37:23 Crossbowman
38:08 Thumb Ring
38:48 Hoardings
39:23 Masonry
39:43 Leather Archer Armor
39:47 Kamandaran
39:40 Light Cavalry
41:14 Architecture
40:38 Heavy Camel Rider
43:30 Murder Holes
46:03 Hussar
Yucatan_water_supremacy
5:23 Loom
8:37 Feudal Age
9:34 Town Watch
12:31 Fletching
22:04 Wheelbarrow
29:02 Castle Age
35:12 Fortified Wall
48:29 Ballistics
49:07 Bodkin Arrow
52:24 Imperial Age
50:57 Coinage
mongo
10:05 Feudal Age
13:38 Castle Age
11:44 Double-Bit Axe
12:03 Horse Collar
14:36 Bow Saw
19:13 Wheelbarrow
20:02 Hand Cart
20:43 Gold Mining
21:26 Bow Saw
21:29 Heavy Plow
47:39 Loom
51:05 Imperial Age
[韓粉戰隊] 台北庶民
11:03 Feudal Age
14:41 Castle Age
13:56 Double-Bit Axe
13:52 Horse Collar
16:09 Bow Saw
21:50 Wheelbarrow
25:49 Heavy Plow
28:07 Fortified Wall
32:15 Imperial Age
31:19 Chemistry
30:09 Loom
30:49 Scale Mail Armor
31:03 Squires
30:37 Pikeman
31:57 Chain Mail Armor
32:16 Halberdier
35:03 Hand Cart
37:49 Plate Mail Armor
37:29 Forging
37:22 Houfnice
41:33 Two-Man Saw
42:40 Padded Archer Armor
46:44 Ballistics
46:33 Siege Engineers
48:44 Leather Archer Armor
51:49 Ring Archer Armor
[韓粉戰隊] 南飄賣菜郎
10:16 Feudal Age
13:54 Castle Age
12:05 Double-Bit Axe
12:32 Gold Mining
13:10 Horse Collar
20:11 Scale Barding Armor
21:33 Forging
21:38 Husbandry
22:23 Bloodlines
25:50 Gold Shaft Mining
27:02 Chain Barding Armor
27:27 Wheelbarrow
26:38 Loom
27:25 Bow Saw
28:39 Iron Casting
28:19 Devotion
32:54 Imperial Age
32:32 Cavalier
33:50 Plate Barding Armor
33:37 Heavy Plow
34:17 Conscription
35:32 Blast Furnace
35:17 Savar
40:24 Hand Cart
39:54 Town Watch
41:21 Two-Man Saw
41:11 Hoardings
41:03 Ballistics
40:38 Murder Holes
41:09 Stone Mining
43:40 Fletching
43:52 Light Cavalry
44:38 Caravan
44:40 Hussar
46:48 Chemistry
45:59 Masonry
45:55 Bodkin Arrow
47:12 Padded Archer Armor
[韓粉戰隊] 鋼鐵韓粉
6:11 Loom
8:30 Feudal Age
8:57 Double-Bit Axe
8:53 Horse Collar
11:29 Town Watch
11:48 Fletching
19:04 Wheelbarrow
22:37 Castle Age
23:59 Bodkin Arrow
28:51 Imperial Age
39:42 Fortified Wall
41:28 Chemistry
40:53 Padded Archer Armor
41:38 Hand Cart
41:29 Gold Mining
45:46 Leather Archer Armor
47:25 Ring Archer Armor
48:07 Town Patrol
48:20 Siege Engineers
48:36 Ballistics
48:46 Bow Saw
48:29 Stone Mining
48:51 Masonry
51:10 Two-Man Saw
50:11 Heavy Plow
52:08 Ironclad
52:09 Conscription
[韓粉戰隊] 跟著月亮走
10:30 Feudal Age
13:18 Castle Age
12:29 Double-Bit Axe
12:38 Gold Mining
16:01 Scale Barding Armor
21:25 Husbandry
22:01 Bow Saw
23:10 Chain Barding Armor
26:56 Wheelbarrow
27:20 Loom
28:08 Forging
28:29 Bloodlines
29:04 Hand Cart
32:20 Imperial Age
32:03 Iron Casting
32:23 Heavy Scorpion
33:41 Ballistics
32:52 Light Cavalry
34:37 Stone Mining
36:35 Elite Battle Elephant
38:52 Plate Barding Armor
37:40 Elite Battle Elephant
41:05 Gold Shaft Mining
41:08 Stone Shaft Mining
42:24 Blast Furnace
41:52 Sanctity
41:42 Fervor
41:26 Horse Collar
43:37 Siege Engineers
44:33 Chemistry
46:05 Conscription
45:47 Tusk Swords
45:30 Hussar
46:34 Heavy Plow
Connection lost

Rejoining the realm…

Still unreachable

The connection could not be restored.

Session expired

The server has moved on; the page needs a fresh start.